 Dungeon Crawl Stone Soup version 0.19.5 (webtiles) character file.

211 Mysteryquy the Skirmisher (level 5, -12/41 HPs)
             Began as a Demonspawn Fighter on Apr 29, 2017.
             Killed by nerve-wracking pain
             ... invoked by Jessica
              (14 damage)
             ... on level 3 of the Dungeon.
             The game lasted 00:05:12 (2293 turns).

Mysteryquy the Skirmisher (Demonspawn Fighter)      Turns: 2293, Time: 00:05:13

Health: -12/41     AC: 15    Str: 17    XL:     5   Next: 57%
Magic:  5/5        EV:  7    Int: 10    God:
Gold:   194        SH:  9    Dex: 12    Spells: 0 memorised, 4 levels left

rFire  . . .     SeeInvis .     a - +0 war axe
rCold  . . .     Gourm    .     b - +0 scale mail
rNeg   . . .     Faith    .     c - +0 shield
rPois  .         Spirit   .     (no helmet)
rElec  .         Reflect  .     w - +0 cloak
rCorr  .         Harm     .     k - +0 pair of gloves (curse)
MR     .....                    (no boots)
Stlth  ..........               (no amulet)
                                (no ring)
                                (no ring)

@: sanguine armour, slowed, very slow
A: claws 2, screaming 1, MP-powered wands, sanguine armour 1
a: no special abilities


You were on level 3 of the Dungeon.
You were very hungry.

You visited 1 branch of the dungeon, and saw 3 of its levels.

You collected 194 gold pieces.

Inventory:

Hand Weapons
 a - a +0 war axe (weapon)
Armour
 b - a +0 scale mail (worn)
 c - a +0 shield (worn)
 k - a cursed +0 pair of gloves (worn)
 w - a +0 cloak (worn)
Jewellery
 i - a cursed amulet of inaccuracy {unknown}
 s - an uncursed ring of poison resistance {unknown}
Scrolls
 e - a scroll of blinking {unknown}
 g - 2 scrolls of enchant weapon {unknown}
 h - a scroll of enchant armour {unknown}
 m - a scroll of immolation {unknown}
 n - a scroll of fog {unknown}
 r - 2 scrolls of identify {unknown}
 t - a scroll of remove curse {unknown}
 y - a scroll of noise {unknown}
Potions
 d - a potion of might
 j - a potion of curing
 l - a potion of brilliance {unknown}
 p - a potion of flight {unknown}
 v - a potion of resistance {unknown}
 z - a potion of magic {unknown}
 A - a potion of berserk rage {unknown}
Comestibles
 f - 2 bread rations
 o - 2 meat rations
 q - a slice of pizza
 x - a beef jerky


   Skills:
 + Level 3.6 Fighting
 + Level 3.3 Axes
 + Level 3.4 Armour
 + Level 1.2 Dodging
 + Level 3.6 Shields


You had 4 spell levels left.
You didn't know any spells.

Dungeon Overview and Level Annotations

Branches:
Dungeon (3/15)

Altars:

Annotations:
D:3 Jessica


Innate Abilities, Weirdness & Mutations

You have very sharp fingernails.
When seriously injured, your bleeding wounds create armour. (AC +6)
You occasionally shout uncontrollably at your foes.
You expend magic power (3 MP) to strengthen your wands.


Message History

Jessica blinks!
Jessica hits you but does no damage. Jessica gestures at you while chanting.
You barely resist.
A rat comes into view.
You see here an adder corpse.
You completely miss Jessica.
Jessica is heavily wounded.
Jessica points at you and mumbles some strange words.
You feel as though you will be slow longer.
You block Jessica's attack. Jessica casts a spell at you.
Pain shoots through your body!
* * * LOW HITPOINT WARNING * * *
You hit Jessica but do no damage.
Jessica is heavily wounded.
Jessica barely misses you. x2
Jessica gestures at you while chanting. Pain shoots through your body!
You die...

.##........#..
..##...##..#..
#..##.##..##.#
.#..###..#.#.#
#.#..#..#.##†# #########
.#.#...#.#.#.# #.......#
############.# #.......#
.........<...###.......#
...>....#.##....@......#
.......##.######@......#
##.###.##.# ........#
#.....##.####.#.......#
#.#####........r#######
##.# #.###.###.# ...#
#.# #.# #.# ...##
#.###+# #.. ....# #...+


You could see Jessica and a rat.

Vanquished Creatures
  Natasha (twice) (D:3)
  Ijyb (D:3)
  2 adders (D:3)
  4 gnolls
  2 worms
  5 dart slugs
  3 leopard geckos
  6 goblins
  6 hobgoblins
  A jackal (D:3)
  4 quokkas (D:3)
  10 bats
  9 frilled lizards
  11 kobolds
  5 rats
71 creatures vanquished.

Notes
Turn   | Place    | Note
-------+----------+-------------------------------------------
     0 | D:1      | Mysteryquy the Demonspawn Fighter began the quest for the Orb.
     0 | D:1      | Reached XP level 1. HP: 18/18 MP: 1/1
    66 | D:1      | Gained mutation: You have sharp fingernails. [demonic ancestry]
    66 | D:1      | Reached XP level 2. HP: 24/24 MP: 2/2
   711 | D:1      | Reached XP level 3. HP: 29/29 MP: 3/3
   988 | D:2      | Gained mutation: When seriously injured, your bleeding wounds create armour. (AC +6) [demonic ancestry]
   988 | D:2      | Reached XP level 4. HP: 35/35 MP: 4/4
  1790 | D:3      | Noticed Natasha
  1798 | D:3      | Killed Natasha
  1798 | D:3      | Reached skill level 1 in Dodging
  1818 | D:3      | Gained mutation: You have very sharp fingernails. [demonic ancestry]
  1818 | D:3      | Reached XP level 5. HP: 17/41 MP: 5/5
  1823 | D:3      | Noticed Ijyb
  1846 | D:3      | Killed Ijyb
  2150 | D:3      | Found a faded altar of an unknown god.
  2260 | D:3      | Noticed Natasha
  2267 | D:3      | Killed Natasha
  2271 | D:3      | Noticed Jessica
  2283 | D:3      | HP: 2/41 [Jessica/nerve-wracking pain (7)]
  2287 | D:3      | Gained mutation: You expend magic power (3 MP) to strengthen your wands. [potion of mutation]
  2287 | D:3      | Gained mutation: You occasionally shout uncontrollably at your foes. [potion of mutation]
  2292 | D:3      | HP: 2/41 [Jessica/nerve-wracking pain (11)]
  2293 | D:3      | Killed from afar by Jessica

Skill      XL: |  1  2  3  4  5 |
---------------+----------------+-----
Shields        | 3 |  3.6
Axes           | 2 3 |  3.3
Armour         | 3 |  3.4
Dodging        | 1 |  1.2
Fighting       | |  3.6

Action                   |  1- 3 |  4- 6 || total
-------------------------+-------+-------++-------
Melee: War axe           |    91 |   168 ||   259
  Use: Potion            |       |     2 ||     2
  Eat: Chunk             |       |     4 ||     4
Armor: Scale mail        |    53 |    84 ||   137
Dodge: Dodged            |    34 |    51 ||    85
Block: Shield            |    67 |   103 ||   170
